 Dungeon Crawl Stone Soup version 0.18-a0-1575-g920359c (webtiles) character file.

188 Duffy the Conjurer (level 5, -4/42 HPs)
             Began as a Naga Fire Elementalist on Mar 16, 2016.
             Slain by Robin
             ... wielding a +0 spear
              (9 damage)
             ... on level 3 of the Dungeon.
             The game lasted 00:03:31 (3049 turns).

Duffy the Conjurer (Naga Fire Elementalist)         Turns: 3049, Time: 00:03:31

Health: -4/42      AC:  2    Str: 11    XL:     5   Next: 67%
Magic:  0/8        EV: 10    Int: 16    God:
Gold:   125        SH:  0    Dex: 11    Spells: 3 memorised, 1 level left

rFire  . . .     SeeInvis +     s - +0 dagger (elec)
rCold  . . .     Gourm    .     a - +0 robe
rNeg   . . .     Faith    +     (no shield)
rPois  +         Spirit   .     (no helmet)
rElec  .         Dismiss  .     (no cloak)
rCorr  .         Reflect  .     (no gloves)
SustAt .         Harm     .     (no barding)
MR     .....                    o - amulet of faith
Stlth  ++........               (no ring)
                                (no ring)

@: very slightly contaminated, very slow, not resistant to hostile enchantments,
unstealthy
A: see invisible, deformed body, poison resistance, slowness 2, slow metabolism
1, spit poison 2, AC +1
a: Spit Poison


You were on level 3 of the Dungeon.
You were not hungry.

You visited 1 branch of the dungeon, and saw 3 of its levels.

You collected 125 gold pieces.


Innate Abilities, Weirdness & Mutations

You cannot wear boots.
Your serpentine skin is tough (AC +1).
You have supernaturally acute eyesight.
Armour fits poorly on your strangely shaped body.
Your system is resistant to poisons.
You cover ground very slowly.
You have a slow metabolism.
You can spit poison.


   Skills:
 - Level 1.5 Dodging
 - Level 3.0 Stealth
 + Level 2.6 Spellcasting
 * Level 4.1 Conjurations
 * Level 4.0 Fire Magic


You had one spell level left.
You knew the following spells:

 Your Spells              Type           Power        Failure   Level  Hunger
a - Flame Tongue          Conj/Fire      ###..        4%          1    #......
j - Sticky Flame          Conj/Fire      ###.....     38%         4    #####..
l - Conjure Flame         Conj/Fire      ###.....     12%         3    ###....

Inventory:

Hand Weapons
 m - a +2 short sword of protection
 s - a +0 dagger of electrocution (weapon)
Missiles
 x - 11 poisoned needles
Armour
 a - a +0 robe (worn)
Jewellery
 o - an amulet of faith (around neck)
Scrolls
 d - a scroll of fear {unknown}
 g - a scroll of noise {unknown}
 h - a scroll of magic mapping {unknown}
 j - a scroll of enchant armour {unknown}
 n - 3 scrolls of identify {unknown}
 r - a scroll of recharging {unknown}
 t - a scroll of teleportation {unknown}
 u - 2 scrolls of fog {unknown}
Potions
 e - a potion of curing {unknown}
 i - a potion of beneficial mutation {unknown}
 l - a potion of might {unknown}
 q - a potion of berserk rage {unknown}
 v - a potion of magic {unknown}
 w - a potion of ambrosia {unknown}
Books
 b - a book of Flames
Comestibles
 c - a bread ration
 f - 2 meat rations
 k - a beef jerky
 p - 3 chunks of flesh

Dungeon Overview and Level Annotations

Branches:
Dungeon (3/15)

Altars:
Ashenzari
Trog
Zin

Shops:
D:2 *

Annotations:
D:3 Robin


Message History

The goblin is severely wounded.
The goblin barely misses you.
You hit the goblin.
You kill the goblin!
You hit the goblin.
The goblin is moderately wounded.
The goblin hits you with an enchanted dagger.
You hit the goblin.
The goblin is severely wounded.
The goblin hits you but does no damage.
Cast which spell? (? or * to list)
Aiming: Sticky Flame
Press: ? - help, Shift-Dir - straight line, f - Robin, p - goblin
Aim: Robin, wielding a spear, wearing an animal skin and wearing a twisted helmet You miscast Sticky Flame.
You are very lightly contaminated with residual magic.
Wisps of smoke drift from your hands. Robin hits you with a spear.
The goblin hits you with an enchanted dagger.
Cast which spell? (? or * to list)
Aiming: Sticky Flame
Press: ? - help, Shift-Dir - straight line, f/p - Robin
Aim: Robin, wielding a spear, wearing an animal skin and wearing a twisted helmet You miscast Sticky Flame.
You smell smoke.
Robin points. "Kill!"
Robin hits you with a spear. The goblin hits you but does no damage.
You are too injured to fight recklessly!
You are too injured to fight recklessly!
You are too injured to fight recklessly!
Robin hits you but does no damage.
You hit the goblin.
There is a sudden explosion of sparks!
You kill the goblin!
Robin hits you from afar with a spear.
You swing at nothing.
Robin barely misses you. Robin hits you with a spear.
Robin hits you with a spear!
You die...

#.###..#.###.....#
##..####. ###......#
#.###.# #.......
#........###.# #)#
#.###### ###....#.....#
#.# #.# ###..#.#.###
#.# #.#
####.#.#####.#########.
#.#.#.............
..#.#.###.########
.###.#.###@###### ..
...=..g#)....# ..
....###(####.# ##. ..#
#)# # #..# #g# #g# #)#
... #.#


You could see Robin.

Action                   |  1- 3 |  4- 6 || total
-------------------------+-------+-------++-------
Melee: Short sword       |     1 |    23 ||    24
       Dagger            |       |    86 ||    86
 Cast: Flame Tongue      |    57 |    21 ||    78
 Abil: Spit Poison       |    10 |       ||    10
  Eat: Chunk             |     3 |     4 ||     7

Notes
Turn   | Place    | Note
--------------------------------------------------------------
     0 | D:1      | Duffy the Naga Fire Elementalist began the quest for the Orb.
     0 | D:1      | Reached XP level 1. HP: 15/15 MP: 3/3
   462 | D:1      | Reached skill level 2 in Conjurations
   462 | D:1      | Reached XP level 2. HP: 22/22 MP: 1/5
  1218 | D:2      | Reached XP level 3. HP: 28/28 MP: 2/6
  1250 | D:2      | Reached skill level 3 in Conjurations
  1288 | D:2      | Learned a level 3 spell: Conjure Flame
  1293 | D:2      | Found Zin's Purification Station.
  1293 | D:2      | Found a glowing silver altar of Zin.
  1307 | D:2      | Found a bloodstained altar of Trog.
  1748 | D:2      | Reached XP level 4. HP: 30/36 MP: 0/7
  2427 | D:3      | Noticed Bubs's ghost (weakling DsWz)
  2718 | D:2      | Reached XP level 5. HP: 33/42 MP: 8/8
  2797 | D:3      | Killed Bubs's ghost
  2797 | D:3      | Reached skill level 4 in Conjurations
  2797 | D:3      | Reached skill level 4 in Fire Magic
  2887 | D:3      | Learned a level 4 spell: Sticky Flame
  2889 | D:3      | Found a shattered altar of Ashenzari.
  3025 | D:3      | Noticed Robin
  3049 | D:3      | Slain by Robin

Vault maps used:
D:1:      ncdulo_halloftheorcs
D:2:      zin_purify, bloody_trog
D:3:      nicolae_ashenzari_panopticon, johnstein_pakellas_death_squad,
          uniq_robin

Vanquished Creatures
  The ghost of Bubs the Magician, a weakling DsWz
  A crimson imp
  4 adders
  A worm
  4 dart slugs
  3 giant geckos
  A giant cockroach
  13 goblins
  8 hobgoblins
  3 jackals
  2 quokkas
  9 bats
  4 giant newts
  4 kobolds
  8 rats
66 creatures vanquished.
